 Dungeon Crawl Stone Soup version 0.29.1-12-g30fa7ad0bf (webtiles) character file.

Game seed: 14741415352493841287

2216 112233 the Thaumaturge (level 9, -3/52 HPs)
             Began as a Deep Elf Fire Elementalist on Dec 25, 2022.
             Slain by Dowan
             ... wielding a +0 dagger
              (4 damage)
             ... on level 6 of the Dungeon.
             The game lasted 00:04:31 (6845 turns).

112233 the Thaumaturge (Deep Elf Fire Elementalist) Turns: 6845, Time: 00:04:32

Health: -3/52      AC:  9    Str:  5    XL:     9   Next: 13%
Magic:  20/25      EV: 15    Int: 25    God:
Gold:   357        SH:  0    Dex: 15    Spells: 25/28 levels left

rFire   + . .      SeeInvis .   j - +2 rapier (venom)
rCold   x . .      Faith    .   (no shield)
rNeg    . . .      Spirit   .   a - +0 robe
rPois   .          Reflect  .   (no helmet)
rElec   .          Harm     .   F - +0 cloak
rCorr   .          Rampage  .   (no gloves)
Will    .....                   m - +1 pair of boots
Stlth   ++........              (no amulet)
HPRegen 0.17/turn               e - ring of fire
MPRegen 0.19/turn               s - +4 ring of protection

@: on berserk cooldown, flying, slowed, studying Throwing, very slow
A: no striking features
a: no special abilities


You were on level 6 of the Dungeon.
You visited 1 branch of the dungeon, and saw 7 of its levels.

You collected 357 gold pieces.

Inventory:

Hand Weapons
 j - a +2 rapier of venom (weapon)
 v - a +0 dagger of electrocution
Armour
 a - a +0 robe (worn)
 m - a +1 pair of boots (worn)
 F - a +0 cloak (worn)
Jewellery
 e - a ring of fire (left hand)
 s - a +4 ring of protection (right hand)
Wands
 w - a wand of flame (21)
Scrolls
 f - 4 scrolls of identify {unknown}
 g - 4 scrolls of fear {unknown}
 i - a scroll of poison {unknown}
 k - 2 scrolls of noise {unknown}
 l - a scroll of amnesia {unknown}
 q - a scroll of immolation {unknown}
 r - 2 scrolls of enchant weapon {unknown}
 t - 2 scrolls of vulnerability {unknown}
 u - a scroll of teleportation {unknown}
 y - a scroll of enchant armour {unknown}
 A - a scroll of blinking {unknown}
 B - a scroll of summoning {unknown}
 C - a scroll of magic mapping {unknown}
 E - a scroll of fog {unknown}
Potions
 b - 2 potions of magic
 d - 2 potions of heal wounds {unknown}
 h - a potion of mutation {unknown}
 n - a potion of flight
 o - a potion of brilliance {unknown}
 p - 8 potions of lignification {unknown}
 x - 2 potions of curing {unknown}
 z - a potion of haste {unknown}
 D - 2 potions of attraction {unknown}


   Skills:
 + Level 3.7 Fighting
 + Level 6.2 Dodging
 - Level 2.4 Stealth
 * Level 10.0 Spellcasting
 + Level 5.3 Conjurations
 + Level 6.1 Fire Magic


You had 25 spell levels left.
You knew the following spells:

 Your Spells              Type           Power      Damage    Failure   Level
a - Foxfire               Conj/Fire      100%       2x1d9     1%          1
b - Scorch                Fire           100%       2d10      1%          2

Your spell library contained the following spells:

 Spells                   Type           Power      Damage    Failure   Level
 Conjure Flame            Conj/Fire      58%        6-21      1%          3
 Inner Flame              Hex/Fire       42%        N/A       4%          3
 Flame Wave               Conj/Fire      58%        2d14      4%          4
 Gell's Gravitas          Tloc           12%        N/A       14%         3
 Lesser Beckoning         Tloc           12%        N/A       14%         3
 Teleport Other           Tloc           12%        N/A       14%         3


Dungeon Overview and Level Annotations

Branches:
Dungeon (7/15)
 Temple: D:4-7

Altars:
Okawaru
The Shining One

Shops:
D:2 (

Annotations:
D:6 exclusion: downstairs, Dowan


Message History

You feel yourself moving faster!
You feel mighty! Dowan gestures at you while chanting.
The puff of frost hits you!
You feel a terrible chill!
* * * LOW HITPOINT WARNING * * *
Duvessa barely misses you.
You hit Duvessa.
Duvessa is poisoned.
Duvessa is severely wounded.
Dowan misses you.
You hit Duvessa.
Duvessa looks as sick as possible!
Duvessa is almost dead.
Duvessa hits you with a +0 short sword.
* * * LOW HITPOINT WARNING * * *
Dowan misses you.
Unknown command.
You hit Duvessa but do no damage.
Duvessa looks as sick as possible!
Duvessa is almost dead.
Duvessa hits you with a +0 short sword.
* * * LOW HITPOINT WARNING * * *
Unknown command.
You hit Duvessa.
You kill Duvessa!
Dowan's eyes darken. "You have made a black mistake."
Dowan seems to find hidden reserves of power!
Dowan hits you with a +0 dagger.
* * * LOW HITPOINT WARNING * * *
Dowan hits you with a +0 dagger.
* * * LOW HITPOINT WARNING * * *
Your Spellcasting skill increases to level 10!
Dowan attacks as you move away! Dowan hits you but does no damage.
There is a stone staircase leading down here.
You feel a strong urge to attack something.
You feel your anger nearly subside.
You are no longer berserk.
You are exhausted.
You feel yourself slow down.
It was a potion of flight.
You feel very buoyant.
You fly up into the air.
Dowan says, "How can I live without her?"
Dowan misses you. Dowan hits you with a +0 dagger.
You die...

.....##......####.#
....##.......####.#
...###............#
.....###.....######
.#.....####..#
####.... ##.# #
####.. #.#####
#.########.....#
#.#.#....).|##@#
#.#.#.#####.##e#
###.#.#.....#.##.#
................>#
###.####..#.....<#
#.............)#
######.##...#..# #
#.........# #
#......##.#


You could see Dowan (fast).

Vanquished Creatures
  Grinder (D:6)
  Menkaure (D:5)
  3 water moccasins
  Duvessa (D:6)
  An ogre (D:4)
  A centaur (D:6)
  2 phantoms (D:6)
  2 kobold brigands (D:6)
  2 bullfrogs
  A necrophage (D:4)
  4 scorpions (D:5)
  2 wights (D:7)
  3 hounds
  An orc priest (D:4)
  2 jellies
  3 iguanas (D:5)
  13 adders
  A shadow imp (D:5)
  3 white imps
  2 ufetubi (D:5)
  2 worms
  2 dart slugs
  9 orcs
  6 ball pythons
  11 endoplasms
  3 giant cockroaches
  8 goblins
  9 hobgoblins
  3 jackals (D:3)
  2 quokkas (D:1)
  4 bats
  2 frilled lizards (D:2)
  11 kobolds
  7 rats
128 creatures vanquished.

Vanquished Creatures (collateral kills)
  A foxfire (D:1)
1 creature vanquished.

Vanquished Creatures (others)
  322 foxfires
  A fungus (D:3)
323 creatures vanquished.

Grand Total: 452 creatures vanquished

Notes
Turn   | Place    | Note
-------+----------+-------------------------------------------
     0 | D:1      | 112233 the Deep Elf Fire Elementalist began the quest for
                  | the Orb.
     0 | D:1      | Reached XP level 1. HP: 10/10 MP: 6/6
   276 | D:1      | Reached XP level 2. HP: 15/15 MP: 5/8
   295 | D:1      | Reached skill level 4 in Spellcasting
   359 | D:1      | Learned a level 2 spell: Scorch
  1329 | D:2      | Reached XP level 3. HP: 18/19 MP: 8/11
  1738 | D:2      | Found Veotidd's Weapon Emporium.
  1919 | D:2      | Reached skill level 5 in Spellcasting
  2189 | D:2      | Reached XP level 4. HP: 24/24 MP: 8/13
  2338 | D:2      | You fall into a shaft and drop 2 floors!
  2555 | D:4      | Noticed a bullfrog
  2560 | D:4      | Killed a bullfrog
  2561 | D:4      | Reached skill level 1 in Fighting
  2561 | D:4      | Reached XP level 5. HP: 15/29 MP: 3/15
  2747 | D:3      | Found a faded altar of an unknown god.
  3098 | D:3      | Found an iron altar of Okawaru.
  3583 | D:4      | Noticed an ogre
  3592 | D:4      | Killed an ogre
  3593 | D:4      | Reached skill level 6 in Spellcasting
  3593 | D:4      | Reached XP level 6. HP: 28/34 MP: 9/17
  4374 | D:5      | Entered Level 5 of the Dungeon
  4374 | D:5      | Noticed a water moccasin
  4423 | D:5      | Killed a water moccasin
  4424 | D:5      | Reached XP level 7. HP: 37/40 MP: 10/19
  4538 | D:5      | Reached skill level 7 in Spellcasting
  4787 | D:5      | Noticed Menkaure
  4792 | D:5      | Killed Menkaure
  4859 | D:5      | Reached skill level 5 in Fire Magic
  5039 | D:5      | Reached skill level 8 in Spellcasting
  5042 | D:5      | Reached XP level 8. HP: 45/45 MP: 16/22
  5470 | D:6      | Reached skill level 5 in Dodging
  5850 | D:6      | Reached skill level 9 in Spellcasting
  5855 | D:6      | Noticed Grinder
  5869 | D:6      | Killed Grinder
  5882 | D:6      | Reached skill level 5 in Conjurations
  6303 | D:6      | Found a glowing golden altar of the Shining One.
  6401 | D:6      | Noticed Duvessa
  6401 | D:6      | Noticed Dowan
  6501 | D:7      | Reached XP level 9. HP: 51/51 MP: 20/24
  6840 | D:6      | Killed Duvessa
  6840 | D:6      | HP: 2/78 [Dowan/+0 dagger (3)]
  6841 | D:6      | Reached skill level 10 in Spellcasting
  6845 | D:6      | Slain by Dowan

Illustrated notes

Levels and vault maps discovered:
D:1:      dpeg_arrival_chambers_temple_mockup, layout_basic,
          dreamdust_mushroom_princess, chequers_serial_rivers_small_a
D:2:      layout_loops_ring, serial_shops, shop_coins, uniq_crazy_yiuf_cottage
D:3:      layout_loops_cross, mainiacjoe_overflow_boulevard,
          basic_ecumenical_altar, st_stairs_9
D:4:      layout_basic, grunt_ministairs_3, minmay_manual_maat
D:5:      nicolae_cairo_tiling_large_dashed, layout_loops_ring, uniq_menkaure
D:6:      dreamdust_elfheim, layout_basic, kennysheep_little_box,
          minmay_misc_feat_enclosed, minmay_crossroads, uniq_grinder
D:7:      layout_gridville, zin_treasury, chequers_temple_overflow_minitemple,
          temple_hall, enter_bailey_5, dk_rats_in_the_wall, uniq_prince_ribbit1

Skill      XL: |  1  2  3  4  5  6  7  8  9 |
---------------+----------------------------+-----
Spellcasting   | 4 5 6 8 9 10 | 10.0
Fighting       | 1 2 3 |  3.7
Dodging        | 3 4 6 |  6.2
Conjurations   | 2 3 4 5 |  5.3
Fire Magic     | 4 5 6 |  6.1
Stealth        | |  2.4

Action                   |  1- 3 |  4- 6 |  7- 9 || total
-------------------------+-------+-------+-------++-------
Melee: Rapier            |       |       |     4 ||     4
 Cast: Foxfire           |    70 |    81 |    62 ||   213
       Scorch            |    11 |    28 |    52 ||    91
  Use: Potion            |       |       |     2 ||     2
Armor: Robe              |     2 |    10 |    17 ||    29
Dodge: Dodged            |    11 |    22 |    39 ||    72
